 Dungeon Crawl Stone Soup version 0.17.1-3-g152610e (webtiles) character file.

238 juanjsm the Sneak (level 5, 0/25 HPs)
             Began as a Spriggan Enchanter on Mar 21, 2016.
             Slain by an orc priest
             ... wielding a +0 flail
              (11 damage)
             ... on level 3 of the Dungeon.
             The game lasted 00:11:40 (2481 turns).

juanjsm the Sneak (Spriggan Enchanter)              Turns: 2481, Time: 00:11:40

Health: 0/25       AC:  4    Str:  4    XL:     5   Next: 78%
Magic:  1/11       EV: 18    Int: 18    God:
Gold:   117        SH:  0    Dex: 10    Spells: 4 memorised, 2 levels left

rFire  . . .     SeeInvis +     a - +1 dagger
rCold  . . .     Clarity  .     b - +1 robe
rNeg   . . .     SustAt   .     (shield restricted)
rPois  .         Gourm    .     (helmet restricted)
rElec  .         Spirit   .     t - +0 cloak
rCorr  .         Warding  .     (gloves unavailable)
rMut   .         Stasis   .     (boots unavailable)
MR     .....                    e - amulet of inaccuracy (curse)
Stlth  +++.......               r - -6 ring of dexterity (curse)
                                g - ring of wizardry (curse)

@: very quick, not resistant to hostile enchantments, fairly stealthy
A: unfitting armour, see invisible, herbivore 3, speed 3, slow metabolism 2
a: no special abilities


You were on level 3 of the Dungeon.
You were not hungry.

You visited 1 branch of the dungeon, and saw 3 of its levels.

You collected 117 gold pieces.

Inventory:

Hand Weapons
 a - a +1 dagger (weapon)
Armour
 b - a +1 robe (worn)
 t - a +0 cloak (worn)
Jewellery
 e - a cursed amulet of inaccuracy (around neck)
 g - a cursed ring of wizardry (left hand)
 h - an uncursed ring of magical power
 m - an uncursed amulet of guardian spirit {unknown}
 r - a cursed -6 ring of dexterity (right hand)
Scrolls
 f - a scroll of identify {unknown}
 i - 2 scrolls of recharging {unknown}
 j - a scroll of fear {unknown}
 k - a scroll of blinking {unknown}
 n - 2 scrolls of remove curse {unknown}
 o - a scroll of amnesia {unknown}
 s - a scroll of teleportation {unknown}
Potions
 l - a potion of poison {unknown}
 p - a potion of cure mutation {unknown}
 q - a potion of haste {unknown}
Books
 c - a book of Maledictions

   Spells                             Type                      Level
   a - Corona                         Hexes                        1
   b - Ensorcelled Hibernation        Hexes/Ice                    2
   c - Confuse                        Hexes                        3
   d - Tukima's Dance                 Hexes                        3
   e - Dazzling Spray                 Conjuration/Hexes            3
Comestibles
 d - 6 bread rations
 u - 3 fruits


   Skills:
 * Level 1.2 Fighting
 * Level 2.0 Short Blades
 * Level 4.3 Dodging
 * Level 6.5 Stealth
 * Level 3.9 Spellcasting
 * Level 4.7 Hexes
 + Level 0.4 Ice Magic


You had 2 spell levels left.
You knew the following spells:

 Your Spells              Type           Power        Failure   Level  Hunger
a - Corona                Hex            ###....      1%          1    None
b - Ensorcelled Hibernat  Hex/Ice        ##....       4%          2    ##.....
c - Confuse               Hex            ###.....     4%          3    ###....
d - Dazzling Spray        Conj/Hex       ##......     9%          3    ###....


Dungeon Overview and Level Annotations

Branches:
Dungeon (3/15)

Altars:
Elyvilon
Kikubaaqudgha
Makhleb
Okawaru


Innate Abilities, Weirdness & Mutations

You are tiny and cannot use many weapons and most armour.
You have supernaturally acute eyesight.
You are a herbivore.
You cover ground extremely quickly.
You need consume almost no food.


Message History

The orc is unaffected.
Casting: Ensorcelled Hibernation
Confirm with . or Enter, or press ? or * to list all spells.
Aiming: Confuse
Press: ? - help, Shift-Dir - straight line, f/p - orc
Aim: an orc, wielding a mace and wearing a chain mail (chance to defeat MR: 83%)
The orc appears confused.
The orc hits you with a mace.
You barely miss the orc. You hit the orc but do no damage.
The orc barely misses the orc priest.
You closely miss the orc.
The orc priest calls down the wrath of Beogh upon you.
Something smites you!
Casting: Confuse
Confirm with . or Enter, or press ? or * to list all spells.
Aiming: Ensorcelled Hibernation
Press: ? - help, Shift-Dir - straight line, f - orc priest, p - orc
Aim: an orc priest, wielding a flail (chance to defeat MR: 43%)
The orc priest resists with some effort.
The orc priest hits you with a flail!
You die...

############..#
#.##
#...†.........#
#...
#.###########.#
#### #.# #..# #.#
##.# #.####### .#
#.......######..
#####...o.......#
#.#@######. #.#o#
#.#.# #.#.#
#####.#.#
#.....#.#
###....)#.#
.......o..#
###...$.#.#


You could see an orc priest and an orc (confused).

Vanquished Creatures
  Sigmund (D:3)
  4 adders
  2 worms (D:3)
  2 giant geckos
  An orc (D:3)
  A ball python (D:2)
  2 bats (D:2)
  3 giant cockroaches
  4 goblins
  8 hobgoblins
  3 giant newts
  5 kobolds
  6 rats
42 creatures vanquished.

Notes
Turn   | Place    | Note
--------------------------------------------------------------
     0 | D:1      | juanjsm the Spriggan Enchanter began the quest for the Orb.
     0 | D:1      | Reached XP level 1. HP: 9/9 MP: 5/5
   219 | D:1      | Reached XP level 2. HP: 7/13 MP: 4/6
   223 | D:1      | Learned a level 2 spell: Ensorcelled Hibernation
  1027 | D:2      | Reached XP level 3. HP: 16/16 MP: 5/8
  1042 | D:2      | Reached skill level 5 in Stealth
  1209 | D:2      | Found a white marble altar of Elyvilon.
  1295 | D:2      | Found an iron altar of Okawaru.
  1397 | D:2      | Learned a level 3 spell: Confuse
  1632 | D:2      | Found an ancient bone altar of Kikubaaqudgha.
  1816 | D:3      | Reached XP level 4. HP: 12/21 MP: 3/9
  2090 | D:3      | Found a burning altar of Makhleb.
  2140 | D:3      | Noticed Sigmund
  2281 | D:3      | Killed Sigmund
  2281 | D:3      | Reached skill level 1 in Fighting
  2281 | D:3      | Reached skill level 6 in Stealth
  2281 | D:3      | Reached XP level 5. HP: 23/25 MP: 7/11
  2296 | D:3      | Learned a level 3 spell: Dazzling Spray
  2481 | D:3      | Slain by an orc priest

Action                   |  1- 3 |  4- 6 || total
-------------------------+-------+-------++-------
Melee: Dagger            |   107 |    20 ||   127
 Cast: Corona            |     4 |     1 ||     5
       Ensorcelled Hiber |    18 |    13 ||    31
       Confuse           |     1 |     2 ||     3
 Stab: Sleeping          |    22 |     9 ||    31
  Eat: Pizza             |       |     1 ||     1
